 Dungeon Crawl Stone Soup version 0.30-a0-782-ge64f9170bb (webtiles) character file.

Game seed: 8592725494333083187

352 Crownlay the Digger (level 6, 0/36 HPs)
             Began as an Octopode Earth Elementalist on Feb 26, 2023.
             Succumbed to a killer bee's poison
             ... on level 4 of the Dungeon.
             The game lasted 00:05:50 (2808 turns).

Crownlay the Digger (Octopode Earth Elementalist)   Turns: 2808, Time: 00:05:51

Health: 0/36       AC:  5    Str:  8    XL:     6   Next: 62%
Magic:  1/12       EV: 13    Int: 25    God:
Gold:   209        SH:  0    Dex: 12    Spells: 10/14 levels left

rFire   . . .      SeeInvis .    b - +2 dagger (protect)
rCold   . . .      Faith    .    (no shield)
rNeg    . . .      Spirit   .    (helmet restricted)
rPois   .          Reflect  .    (no amulet)
rElec   .          Harm     .    g - +4 ring of protection
rCorr   .          Rampage  .    j - +6 ring of intelligence
Will    .....                    (no ring)
Stlth   +++                      (no ring)
HPRegen 0.26/turn                (no ring)
MPRegen 0.13/turn                (no ring)
                                 (no ring)
                                 (no ring)

@: brilliant, lethally poisoned (0 -> -15), attractive
A: almost no armour, amphibious, 8 rings, camouflage 1, gelatinous body 1,
(nimble swimmer 1), tentacles
a: no special abilities


You were on level 4 of the Dungeon.
You visited 1 branch of the dungeon, and saw 4 of its levels.

You collected 209 gold pieces.

Inventory:

Hand Weapons
 b - a +2 dagger of protection (weapon)
Jewellery
 g - a +4 ring of protection (left tentacle)
 j - a +6 ring of intelligence (right tentacle)
Wands
 n - a wand of roots (5)
Scrolls
 c - a scroll of teleportation
 f - a scroll of identify
 h - a scroll of magic mapping {unknown}
 k - a scroll of fear {unknown}
 l - a scroll of fog {unknown}
Potions
 a - a potion of magic
 i - a potion of flight {unknown}
 o - a potion of cancellation {unknown}


   Skills:
 - Level 2.0 Dodging
 - Level 2.6 Stealth
 + Level 4.6 Spellcasting
 - Level 1.0 Transmutations
 + Level 5.5 Earth Magic


You had 10 spell levels left.
You knew the following spells:

 Your Spells              Type           Power      Damage    Failure   Level
a - Sandblast             Erth           100%       2d20      1%          1
b - Stone Arrow           Conj/Erth      58%        3d10      9%          3

Your spell library contained the following spells:

 Spells                   Type           Power      Damage    Failure   Level
 Passwall                 Tmut/Erth      27%        N/A       3%          2
 Sting                    Tmut/Pois      48%        1d5       7%          1
 Poisonous Vapours        Pois/Air       16%        N/A       13%         2
 Petrify                  Tmut/Erth      33%        N/A       22%         4
 Olgreb's Toxic Radiance  Pois           8%         N/A       65%         4


Dungeon Overview and Level Annotations

Branches:
Dungeon (4/15)
 Temple: D:4-7

Altars:

Annotations:
D:4 Ijyb


Innate Abilities, Weirdness & Mutations

You cannot wear most types of armour.
You are amphibious.
You can wear up to eight rings at the same time.
Your skin changes colour to match your surroundings (Stealth+).
Your rubbery body absorbs attacks. (AC +1, EV +1)
((You are camouflaged when in or above water. (Stealth+)))
You have tentacles for arms and can constrict up to eight enemies at once.


Message History

The killer bee poisons you! The adder bites you but does no damage.
The killer bee misses you.
Casting: Sandblast (safe; 1% risk of failure)
Confirm with . or Enter, or press ? or * to list all spells.
Aiming: Sandblast (safe; 1% risk of failure)
Press: ? - help, Shift-Dir - straight line, f/p - killer bee
Aim: a killer bee (severely wounded, 67% to hit)
The blast of sand hits the killer bee.
The killer bee is severely wounded.
* * * LOW HITPOINT WARNING * * *
You feel very sick. The killer bee misses you.
The adder bites you but does no damage. The killer bee barely misses you.
The adder bites you but does no damage. The killer bee closely misses you.
You feel better. The killer bee stings you. The adder bites you.
* * * LOW HITPOINT WARNING * * *
The killer bee barely misses you.
Casting: Sandblast (safe; 1% risk of failure)
Confirm with . or Enter, or press ? or * to list all spells.
Aiming: Sandblast (safe; 1% risk of failure)
Press: ? - help, Shift-Dir - straight line, f/p - killer bee
Aim: a killer bee (severely wounded, 67% to hit)
The blast of sand misses the killer bee.
The killer bee barely misses you. The adder barely misses you.
The killer bee misses you. The adder bites you.
* * * LOW HITPOINT WARNING * * *
You are poisoned.
The adder poisons you! The killer bee closely misses you.
Okay, then.
It was a potion of brilliance.
You feel clever all of a sudden.
* * * LOW HITPOINT WARNING * * *
You feel sick. The killer bee closely misses you. The adder misses you.
The killer bee stings you.
* * * LOW HITPOINT WARNING * * *
You are more poisoned.
The killer bee poisons you!
It was a potion of attraction.
You feel attractive to monsters.
You die...

##...# ###....#
#...#..# ##.#....##
##....#.[.#######
#.$.#......†....#
###'#...#..######.#
#.....#g...# #.#
#.......#@## #.#
#.....#oSy# #.#
###+#...#.# #.# .
###+#.#...# #.#
....##.g.....#.#
###.#
≈).o'†o........#
#...#
....#.......####
#.### .. ##...†..#
#.# #......# #.#


You could see Ijyb, a killer bee, an adder and an orc.

Vanquished Creatures
  3 killer bees (D:4)
  Jessica (D:3)
  An orc wizard (D:3)
  5 adders
  3 gnolls (D:3)
  2 worms
  2 dart slugs
  3 orcs (D:3)
  4 bats
  8 endoplasms
  3 giant cockroaches
  9 goblins
  5 hobgoblins
  8 jackals
  6 kobolds
  2 quokkas (D:3)
  8 ball pythons
  6 frilled lizards
  4 rats
83 creatures vanquished.

Notes
Turn   | Place    | Note
-------+----------+-------------------------------------------
     0 | D:1      | Crownlay the Octopode Earth Elementalist began the quest
                  | for the Orb.
     0 | D:1      | Reached XP level 1. HP: 11/11 MP: 3/3
    80 | D:1      | Reached XP level 2. HP: 15/17 MP: 1/5
   567 | D:1      | Reached XP level 3. HP: 21/21 MP: 4/6
  1133 | D:2      | Reached skill level 4 in Earth Magic
  1133 | D:2      | Reached XP level 4. HP: 26/27 MP: 4/8
  1299 | D:2      | Found a faded altar of an unknown god.
  1299 | D:2      | Noticed a shining eye
  1304 | D:2      | Noticed a golden eye
  1320 | D:2      | Noticed a shining eye
  1612 | D:2      | Learned a level 3 spell: Stone Arrow
  1847 | D:3      | Reached XP level 5. HP: 31/31 MP: 7/10
  2164 | D:3      | Noticed Jessica
  2172 | D:3      | Killed Jessica
  2653 | D:4      | Reached skill level 5 in Earth Magic
  2653 | D:4      | Reached XP level 6. HP: 20/36 MP: 7/12
  2790 | D:4      | Noticed Ijyb
  2808 | D:4      | Succumbed to a killer bee's poison

Illustrated notes

Levels and vault maps discovered:
D:1:      saegor_arrival_simple_c, layout_loops_ring
D:2:      layout_rooms, hellmonk_ecumenical_altar_watching_god
D:3:      layout_basic, uniq_jessica
D:4:      kennysheep_big_flooded_room, layout_basic, minmay_misc_feat_pillars,
          kennysheep_generic_room_2, uniq_duvessa, uniq_sigmund, uniq_ijyb

Skill      XL: |  1  2  3  4  5 |
---------------+----------------+-----
Spellcasting   | 3 4 |  4.6
Earth Magic    | 4 5 |  5.5
Dodging        | |  2.0
Stealth        | |  2.6
Transmutations | |  1.0

Action                     |  1- 3 |  4- 6 || total
---------------------------+-------+-------++-------
  Melee: Dagger            |     4 |       ||     4
         Unarmed           |     4 |       ||     4
         Constrict         |     2 |       ||     2
         Tentacles         |     2 |       ||     2
   Cast: Sandblast         |    48 |    75 ||   123
         Stone Arrow       |       |     1 ||     1
    Use: Scroll            |       |     2 ||     2
         Potion            |       |     7 ||     7
 Armour: Skin              |    10 |    15 ||    25
  Dodge: Dodged            |    19 |    55 ||    74

Table legend: (Time is in decaauts)
 A = Elapsed time spent in this place.
 B = Non-inter-level travel time spent in this place.
 C = Inter-level travel time spent in this place.
 D = Time resting spent in this place.
 E = Time spent auto-exploring this place.
 F = Levels seen in this place.
 G = Mean time per level.
                   A        B        C        D        E       F      G
               +--------+--------+--------+--------+--------+-----+--------+
         Total |   2867 |   2806 |     61 |     74 |   2216 |   4 |  716.8 |
       Dungeon |   2867 |   2806 |     61 |     74 |   2216 |   4 |  716.8 |
               +--------+--------+--------+--------+--------+-----+--------+

Top non-repeatable levels by time:
     D:3: 965 daAuts
     D:1: 940 daAuts
     D:2: 733 daAuts
     D:4: 227 daAuts
